 Dungeon Crawl Stone Soup version 0.19-b1-5-gdc9fa9d (webtiles) character file.

89 GordonOverkill the Skirmisher (level 4, -2/40 HPs)
             Began as a Minotaur Venom Mage on Oct 31, 2016.
             Was an Initiate of Okawaru.
             Slain by an adder (3 damage)
             ... on level 2 of the Dungeon.
             The game lasted 00:04:59 (2526 turns).

GordonOverkill the Skirmisher (Minotaur Venom Mage) Turns: 2526, Time: 00:04:59

Health: -2/40      AC:  6    Str: 13    XL:     4   Next: 31%
Magic:  5/5        EV:  9    Int: 12    God:    Okawaru [......]
Gold:   138        SH:  0    Dex: 11    Spells: 1 memorised, 4 levels left

rFire  + . .     SeeInvis .     o - +0 hand axe
rCold  + . .     Gourm    .     e - +0 scale mail
rNeg   . . .     Faith    .     (no shield)
rPois  +         Spirit   .     (helmet restricted)
rElec  +         Reflect  .     (no cloak)
rCorr  +         Harm     .     (no gloves)
MR     .....                    (no boots)
Stlth  ..........               (no amulet)
                                (no ring)
                                (no ring)

@: lethally poisoned (-2 -> -4), resistant
A: retaliatory headbutt, horns 2
a: Renounce Religion


You were on level 2 of the Dungeon.
You worshipped Okawaru.
Okawaru was noncommittal.
You were not hungry.

You visited 1 branch of the dungeon, and saw 3 of its levels.

You collected 138 gold pieces.

Inventory:

Hand Weapons
 f - a +0 dagger of draining
 o - a +0 hand axe (weapon)
Armour
 e - a +0 scale mail (worn)
Jewellery
 g - an uncursed ring of fire {unknown}
 i - an uncursed ring of wizardry {unknown}
 p - a +4 ring of intelligence {unknown}
Wands
 t - a wand of heal wounds (1/9)
Scrolls
 a - 3 scrolls of random uselessness {unknown}
 h - 2 scrolls of amnesia {unknown}
 m - a scroll of blinking {unknown}
 s - a scroll of identify {unknown}
Books
 b - a Young Poisoner's Handbook

   Spells                             Type                      Level
   a - Sting                          Conjuration/Poison           1
   b - Mephitic Cloud                 Conjuration/Poison/Air       3
   c - Olgreb's Toxic Radiance        Poison                       4
   d - Alistair's Intoxication        Transmutation/Poison         5
   e - Venom Bolt                     Conjuration/Poison           5
 r - a book of Cantrips

   Spells                             Type                      Level
   a - Confusing Touch                Hexes                        1
   b - Animate Skeleton               Necromancy                   1
   c - Summon Small Mammal            Summoning                    1
   d - Apportation                    Translocation                1
Comestibles
 c - 3 bread rations
 d - 3 meat rations
 q - 5 chunks of flesh


   Skills:
 - Level 4.2 Fighting
 + Level 2.0 Axes
 - Level 2.1 Dodging
 - Level 1.5 Stealth
 - Level 1.3 Spellcasting
 - Level 2.9 Poison Magic


You had 4 spell levels left.
You knew the following spells:

 Your Spells              Type           Power        Failure   Level  Hunger
a - Sting                 Conj/Pois      #...         85%         1    ##.....


Dungeon Overview and Level Annotations

Branches:
Dungeon (3/15)

Altars:
Elyvilon
Nemelex Xobeh
Okawaru

Annotations:
D:3 Grinder, Ijyb


Innate Abilities, Weirdness & Mutations

You reflexively headbutt those who attack you in melee.
You have a pair of horns on your head.


Message History

You are more poisoned.
The adder poisons you!
You feel sick.
It was a potion of invisibility.
You fade into invisibility!
The adder bites you.
* * * LOW HITPOINT WARNING * * *
You are very lightly contaminated with residual magic.
It was a potion of cancellation.
Your magical effects are unravelling.
You feel magically purged.
Your magical contamination has completely faded away.
You flicker back into view.
The adder bites you but does no damage. The adder barely misses you.
You furiously retaliate!
You headbutt the adder.
It was a potion of resistance.
You feel protected.
* * * LOW HITPOINT WARNING * * *
You feel sick. The adder bites you.
You die...

........#.........# #............
..))....#.........###............
........#........................
........#......#####.##..........
........#......## #...#......#.#
........##......# #<..#......#.#
.....#..........####...#......#.#
.....#........................#..
..>............S@......##########
.....#...........................
##...............................
#####...........................
######......####........##.......
.....#......####.................
.....##...............#).#.......
.....##........................<.
.######...................######.


You could see an adder.

Vanquished Creatures
  2 adders
  An ooze (D:1)
  A dart slug (D:2)
  2 leopard geckos
  5 orcs (D:3)
  4 ball pythons
  4 bats
  3 giant cockroaches
  7 goblins
  7 hobgoblins
  3 jackals (D:2)
  3 kobolds
  A quokka (D:3)
  2 frilled lizards (D:1)
  8 rats
53 creatures vanquished.

Vanquished Creatures (others)
  A goblin (D:2)
  A jackal (D:2)
  A frilled lizard (D:2)
3 creatures vanquished.

Grand Total: 56 creatures vanquished

Notes
Turn   | Place    | Note
-------+----------+-------------------------------------------
     0 | D:1      | GordonOverkill the Minotaur Venom Mage began the quest for the Orb.
     0 | D:1      | Reached XP level 1. HP: 14/14 MP: 1/1
   107 | D:1      | Reached skill level 1 in Fighting
   547 | D:1      | Reached skill level 2 in Fighting
   547 | D:1      | Reached XP level 2. HP: 22/24 MP: 3/3
   840 | D:1      | Reached skill level 3 in Fighting
  1052 | D:2      | Reached XP level 3. HP: 31/31 MP: 4/4
  1492 | D:2      | Found a white marble altar of Elyvilon.
  1517 | D:2      | Reached skill level 4 in Fighting
  1954 | D:3      | Noticed Grinder
  1958 | D:3      | Paralysed by Grinder for 5 turns
  1965 | D:3      | Paralysed by Grinder for 7 turns
  2140 | D:3      | Found a sparkling altar of Nemelex Xobeh.
  2160 | D:3      | Reached skill level 1 in Axes
  2160 | D:3      | Reached XP level 4. HP: 33/40 MP: 5/5
  2277 | D:3      | Found an iron altar of Okawaru.
  2283 | D:3      | Became a worshipper of Warmaster Okawaru
  2469 | D:3      | Noticed Ijyb
  2524 | D:2      | HP: 2/40 [adder (3)]
  2526 | D:2      | Slain by an adder

Skill      XL: |  1  2  3  4 |
---------------+-------------+-----
Fighting       | 2 3 4 |  4.2
Axes           | 1 2 |  2.0
Dodging        | |  2.1
Stealth        | |  1.5
Spellcasting   | |  1.3
Poison Magic   | |  2.9

Action                   |  1- 3 |  4- 6 || total
-------------------------+-------+-------++-------
Melee: Club              |    11 |       ||    11
       Dagger            |   101 |       ||   101
       Headbutt          |    17 |     5 ||    22
       Unarmed           |     3 |       ||     3
       Hand axe          |    13 |    30 ||    43
 Cast: Sting             |     4 |       ||     4
  Use: Potion            |       |     5 ||     5
  Eat: Chunk             |     4 |     1 ||     5
Armor: Leather armour    |     3 |       ||     3
       Scale mail        |    65 |    24 ||    89
Dodge: Dodged            |    64 |    22 ||    86
